 Dungeon Crawl Stone Soup version 0.30-a0-358-g0d69a1922f (webtiles) character file.

Game seed: 18251560699819109069

227 LutherGrant the Cutter (level 6, -5/45 (48) HPs)
             Began as a Vine Stalker Fighter on Nov 8, 2022.
             Slain by an ogre
             ... wielding a +0 giant club
              (12 damage)
             ... on level 3 of the Dungeon.
             The game lasted 00:06:15 (2544 turns).

LutherGrant the Cutter (Vine Stalker Fighter)       Turns: 2544, Time: 00:06:16

HP:   -5/45 (48)    AC: 15    Str: 21    XL:     6   Next: 2%
MP:   0/7           EV:  7    Int:  8    God:
Gold: 101           SH:  0    Dex: 13    Spells: 5/5 levels left

rFire   . . .      SeeInvis .    a - +0 rapier
rCold   . . .      Faith    .    (no shield)
rNeg    . . .      Spirit   +    g - +0 plate armour
rPois   .          Reflect  .    (no helmet)
rElec   .          Harm     .    (no cloak)
rCorr   .          Rampage  .    (no gloves)
Will    .....                    (no boots)
Stlth   ..........               (no amulet)
HPRegen 1.07/turn                h - +4 ring of protection
MPRegen 0.10/turn                m - ring of flight

@: berserking (expiring), flying, drained, very quick
A: fangs 2, regeneration 1, magic shield, antimagic bite, no potion heal 2
a: no special abilities


You were on level 3 of the Dungeon.
You visited 1 branch of the dungeon, and saw 3 of its levels.

You collected 101 gold pieces.

Inventory:

Hand Weapons
 a - a +0 rapier (weapon)
Armour
 b - a +0 scale mail
 c - a +0 buckler
 g - a +0 plate armour (worn)
 j - a +0 chain mail
Jewellery
 h - a +4 ring of protection (left hand)
 m - a ring of flight (right hand)
 o - a ring of see invisible
Scrolls
 f - a scroll of enchant weapon {unknown}
 i - 2 scrolls of identify
 l - a scroll of magic mapping
 n - a scroll of noise {unknown}
Potions
 d - a potion of might
 e - 2 potions of curing


   Skills:
 + Level 3.4 Fighting
 * Level 3.4 Short Blades
 + Level 3.1 Armour
 * Level 2.4 Dodging
 - Level 2.7 Shields


You had 5 spell levels left.
You didn't know any spells.
Your spell library contained the following spells:

 Spells                   Type           Power      Damage    Failure   Level
 Gell's Gravitas          Tloc           0%         N/A       100%        3
 Hailstorm                Conj/Ice       0%         3d3       100%        3
 Lesser Beckoning         Tloc           0%         N/A       100%        3
 Teleport Other           Tloc           0%         N/A       100%        3
 Ice Form                 Ice/Tmut       0%         N/A       100%        4
 Simulacrum               Ice/Necr       0%         N/A       100%        6


Dungeon Overview and Level Annotations

Branches:
Dungeon (3/15)

Altars:
Vehumet
The Shining One

Shops:
D:2 :


Innate Abilities, Weirdness & Mutations

You have extremely sharp teeth.
Your natural rate of healing is unusually fast.
When hurt, damage is shared between your health and your magic reserves.
Your bite disrupts and absorbs the magic of your enemies.
Potions cannot restore your health.


Message History

a +0 club; an orc corpse You hit the orc priest but do no damage.
Your bite misses the orc priest.
The orc priest hits you but does no damage.
The orc hits you with a +1 morningstar of draining.
You feel drained.
You closely miss the orc priest. You bite the orc priest. You drain its power.
You feel invigorated.
The orc priest is lightly wounded.
You feel sick.
The orc priest hits you but does no damage.
The orc closely misses you.
You puncture the orc priest! You bite the orc priest!
You kill the orc priest!
You feel sick.
You have reached level 6!
You hit the orc. Your bite misses the orc.
The orc is heavily wounded.
The orc barely misses you.
You closely miss the orc.
The orc is heavily wounded.
You feel sick.
You are no longer poisoned.
The orc hits you but does no damage.
You feel drained. The ogre hits you but does no damage.
You puncture the orc!
You kill the orc!
Things that are here:
a +1 morningstar of draining; a +0 leather armour You puncture the ogre!
Your bite misses the ogre.
The ogre is heavily wounded.
The ogre hits you with a +0 giant club!
* * * LOW HITPOINT WARNING * * *
You barely miss the ogre. You bite the ogre. You drain its power.
You feel invigorated.
The ogre is severely wounded.
You closely miss the ogre.
The ogre is severely wounded.
The ogre hits you with a +0 giant club!!
You die...

#.# ########.#### #.#
#.........#.# ##.#
#.######...#. #...
..######..### #####..#
#........#### #......#
.####...§§§.
##.##..)####.# #.≈≈≈≈§≈
..>...O))<...# #§§§.§.§
##.....@###..####§≈§≈§≈§
#...~~.# #..##.§.§.≈§§.
#...⌠~.# #..##.#§≈§§§§.
#..~~..# #..##.#.≈.§.§.
#>.....###..##.#.≈.≈≈≈≈
#.##.####........≈)))..
#. #.# #........≈≈§≈≈. #
#.# #.#.......)....
#.##.####.#.#####.##...


You could see an ogre.

Vanquished Creatures
  An orc priest (D:3)
  3 orc wizards (D:3)
  5 adders
  2 worms (D:2)
  4 dart slugs
  6 orcs (D:3)
  6 bats
  5 endoplasms
  2 giant cockroaches
  8 goblins
  A hobgoblin (D:1)
  3 jackals (D:2)
  2 quokkas
  6 ball pythons
  4 frilled lizards
  6 kobolds
  3 rats (D:2)
67 creatures vanquished.

Vanquished Creatures (others)
  2 fungi (D:2)
  3 plants (D:2)
5 creatures vanquished.

Grand Total: 72 creatures vanquished

Notes
Turn   | Place    | Note
-------+----------+-------------------------------------------
     0 | D:1      | LutherGrant the Vine Stalker Fighter began the quest for
                  | the Orb.
     0 | D:1      | Reached XP level 1. HP: 11/11 MP: 2/2
   290 | D:1      | Reached XP level 2. HP: 16/16 MP: 3/3
   962 | D:2      | Reached skill level 1 in Dodging
   962 | D:2      | Reached XP level 3. HP: 18/19 MP: 4/4
   984 | D:2      | Found Dempuovo's Book Shoppe.
  1007 | D:2      | Found a faded altar of an unknown god.
  1468 | D:2      | Gained mutation: Your natural rate of healing is unusually
                  | fast. [Vine Stalker growth]
  1468 | D:2      | Reached XP level 4. HP: 23/24 MP: 3/5
  2310 | D:3      | Found a glowing golden altar of the Shining One.
  2359 | D:3      | Found a radiant altar of Vehumet.
  2379 | D:3      | Reached XP level 5. HP: 21/28 MP: 6/6
  2532 | D:3      | Noticed an ogre
  2538 | D:3      | Reached XP level 6. HP: 13/31 MP: 7/7
  2544 | D:3      | Slain by an ogre

Illustrated notes

Levels and vault maps discovered:
D:1:      dpeg_arrival_oval, layout_basic
D:2:      minmay_wonky_spiral, layout_loops_ring, serial_shops,
          nicolae_diamond_shop, shapermc_ecumenical_altar_gd, serial_rivers,
          chequers_serial_rivers_micro_a, chequers_serial_rivers_room_b,
          chequers_serial_rivers_micro_e, chequers_serial_rivers_large_a,
          chequers_serial_rivers_small_3, st_stairs_3
D:3:      layout_loops_ring, mainiacjoe_overflow_catwalk_spiral,
          corexii_leaking_fountain, grunt_ministairs_7

Skill      XL: |  1  2  3  4  5 |
---------------+----------------+-----
Short Blades   | 2 3 |  3.4
Dodging        | 1 2 |  2.4
Fighting       | 3 |  3.4
Armour         | 3 |  3.1
Shields        | |  2.7

Action                   |  1- 3 |  4- 6 || total
-------------------------+-------+-------++-------
Melee: Rapier            |   114 |   143 ||   257
       Bite              |    36 |    26 ||    62
       Punch             |     1 |     1 ||     2
  Use: Potion            |       |     7 ||     7
       Scroll            |       |     5 ||     5
Armor: Plate armour      |    51 |   195 ||   246
Dodge: Dodged            |    27 |    65 ||    92
Block: Buckler           |     1 |       ||     1

Table legend: (Time is in decaauts)
 A = Elapsed time spent in this place.
 B = Non-inter-level travel time spent in this place.
 C = Inter-level travel time spent in this place.
 D = Time resting spent in this place.
 E = Time spent auto-exploring this place.
 F = Levels seen in this place.
 G = Mean time per level.
                   A        B        C        D        E       F      G
               +--------+--------+--------+--------+--------+-----+--------+
         Total |   2548 |   2396 |    152 |    107 |   1767 |   3 |  849.3 |
       Dungeon |   2548 |   2396 |    152 |    107 |   1767 |   3 |  849.3 |
               +--------+--------+--------+--------+--------+-----+--------+

Top non-repeatable levels by time:
     D:2: 1008 daAuts
     D:1: 951 daAuts
     D:3: 588 daAuts
